 Dungeon Crawl Stone Soup version 0.25-a0-861-g340c9e8194 (webtiles) character file.

Game seed: 7749039247966537935, levelgen mode: classic

3621 EnegeticOcto the Cleaver (level 9, -5/86 HPs)
             Began as a Deep Dwarf Fighter on Apr 29, 2020.
             Was a Believer of Makhleb.
             Slain by a killer bee (7 damage)
             ... on level 8 of the Dungeon.
             The game lasted 00:03:22 (3396 turns).

EnegeticOcto the Cleaver (Deep Dwarf Fighter)       Turns: 3396, Time: 00:03:23

Health: -5/86      AC: 19    Str: 25    XL:     9   Next: 86%
Magic:  8/9        EV:  5    Int:  9    God:    Makhleb [**....]
Gold:   143        SH: 11    Dex: 12    Spells: 8/8 levels left

rFire    . . .     SeeInvis .   a - +1 war axe
rCold    + . .     Gourm    .   c - +0 kite shield
rNeg     . . .     Faith    .   r - +0 plate armour
rPois    .         Spirit   .   (no helmet)
rElec    .         Reflect  .   g - +2 cloak
rCorr    .         Harm     .   i - +2 pair of gloves
MR       +....                  (no boots)
Stlth    ..........             (no amulet)
HPRegen  0.00/turn              p - +2 ring of strength
MPRegen  0.11/turn              x - ring of protection from cold

@: lethally poisoned (-5 -> -52), berserk cooldown, non-regenerating, slowed,
very slow
A: damage resistance, heal wounds, sense surroundings 2, no regeneration
a: Heal Wounds, Minor Destruction, Renounce Religion


You were on level 8 of the Dungeon.
You worshipped Makhleb.
Makhleb was pleased with you.
You were not hungry.

You visited 2 branches of the dungeon, and saw 9 of its levels.

You collected 230 gold pieces.
You spent 87 gold pieces at shops.

Inventory:

Hand Weapons
 a - a +1 war axe (weapon)
Armour
 c - a +0 kite shield (worn)
 g - a +2 cloak (worn)
 i - a +2 pair of gloves (worn)
 r - a +0 plate armour (worn)
Jewellery
 p - a +2 ring of strength (left hand)
 x - a ring of protection from cold (right hand)
Wands
 n - a wand of digging (3) {@v2}
Scrolls
 b - a scroll of enchant armour
 d - a scroll of magic mapping {@r5}
 f - 3 scrolls of identify {@r1}
 o - 3 scrolls of remove curse {@r6}
Potions
 h - a potion of flight
 j - a potion of brilliance
 k - a potion of might {@q3}
 l - 3 potions of curing {@q1}
 m - 3 potions of resistance {@q6}
 t - a potion of cancellation {unknown}
 u - a potion of heal wounds {unknown}
 v - a potion of magic {unknown}
 w - a potion of stabbing {unknown}
Comestibles
 e - 9 rations
 s - a chunk of flesh


   Skills:
 * Level 7.5 Fighting
 * Level 8.6 Axes
 + Level 6.7 Armour
 + Level 6.6 Shields
 * Level 6.9 Invocations


You had 8 spell levels left.
You didn't know any spells.
Your spell library was empty.

Dungeon Overview and Level Annotations

Branches:
Dungeon (8/15)             Temple (1/1) D:5
   Lair: D:8-11

Altars:
Ashenzari
Cheibriados
Gozag
Makhleb
Nemelex Xobeh
Ru
Trog
Xom

Shops:
D:5 :[*


Innate Abilities, Weirdness & Mutations

You are resistant to damage.
You can heal yourself by infusing magical energy.
You passively map the area around you.
You do not regenerate.


Message History

You closely miss the killer bee. You miss the killer bee.
You slash the killer bee!
You kill the killer bee!
Makhleb accepts your kill.
You feel very sick. You block the killer bee's attack.
The queen bee stings you.
You closely miss the queen bee.
The queen bee is heavily wounded.
You closely miss the killer bee. You hit the killer bee.
You slash the killer bee!
You kill the killer bee!
Makhleb accepts your kill.
You feel better.
You feel very sick.
You hear some strange, mumbled words.
A puff of flame appears from out of thin air!
You block the puff of flame. You block the killer bee's attack.
The queen bee stings you.
You are more poisoned.
The queen bee poisons you!
You closely miss the queen bee.
The queen bee is heavily wounded.
You miss the killer bee. You hit the killer bee. You slash the ice beast!
You feel very sick. You block the killer bee's attack.
The killer bee barely misses you. You block the killer bee's attack.
The killer bee stings you but does no damage.
Your plate armour prevents you from hitting the queen bee.
The queen bee is heavily wounded.
You slash the killer bee!
You kill the killer bee!
Makhleb accepts your kill.
You closely miss the killer bee. You slash the ice beast!
You feel very sick. The ice beast hits you. The ice beast freezes you.
You resist. You block the queen bee's attack.
You hit the queen bee.
The queen bee is heavily wounded.
You slash the ice beast!
You kill the ice beast!
Makhleb accepts your kill.
You feel better.
Your life force feels restored.
You slash the killer bee! You hit the killer bee.
You feel very sick. You block the killer bee's attack.
The killer bee stings you but does no damage.
The queen bee calls on the killer bee to defend it!
The killer bee goes berserk!
You slash the queen bee!
The queen bee is almost dead.
You closely miss the killer bee. You miss the killer bee.
You slash the killer bee!
You feel very sick. The killer bee stings you.
The killer bee stings you but does no damage.
You block the killer bee's attack. x2; The killer bee barely misses you.
The killer bee completely misses you.
The killer bee stings you but does no damage.
You slash the queen bee!
You kill the queen bee!
Makhleb accepts your kill.
You hit the killer bee. x2
Your shield and plate armour prevent you from hitting the killer bee.
* * * LOW HITPOINT WARNING * * *
You feel very sick.
The killer bee stings you but does no damage.
You block the killer bee's attack.
The killer bee stings you but does no damage.
You block the killer bee's attack. The killer bee barely misses you.
You are no longer berserk.
You are exhausted.
You feel yourself slow down.
* * * LOW HITPOINT WARNING * * *
You feel very sick. The killer bee stings you.
* * * LOW HITPOINT WARNING * * *
You are more poisoned.
The killer bee poisons you! The killer bee stings you.
The killer bee stings you but does no damage.
You block the killer bee's attack.
You see here a queen bee corpse.
* * * LOW HITPOINT WARNING * * *
You feel extremely sick. The killer bee stings you.
You are more poisoned.
The killer bee poisons you!
The killer bee stings you but does no damage. x2
The killer bee barely misses you. The killer bee stings you.
* * * LOW HITPOINT WARNING * * *
You block something's attack. You block the killer bee's attack.
The killer bee stings you but does no damage. x2
You miss the killer bee.
The killer bee is almost dead.
Your shield and plate armour prevent you from hitting something.
You closely miss the killer bee. You miss the killer bee.
* * * LOW HITPOINT WARNING * * *
You feel extremely sick. The killer bee stings you!
You die...

** , ...,
.....##.,, ,
#.....#..>.... ,,
,, , #.....*......
, ,,, ,*,,
,#.....##....# , ,
, #.....##....# , *
, , #.[.......).# ,
, , , ,
#......).)..## , ,
, #.....([.{...# *
, #.......y@..# ,*
*, *
***####...=.††yy..#
*
,........##....##*
** , ,
........####### * ,
, , .........# ,*
.........# * , ,*
.........# *, *
######.....# *
##...#####'##


You could see 3 killer bees.

Vanquished Creatures
  Pikel (D:6)
  A queen bee (D:8)
  Grinder (D:4)
  Sigmund (D:6)
  Menkaure (D:4)
  Edmund (D:5)
  An ice beast (D:8)
  4 slaves (D:6)
  An ogre (D:7)
  4 phantoms
  A centaur (D:5)
  Blork the orc (D:4)
  A water moccasin zombie (D:6)
  A scorpion (D:8)
  10 killer bees
  8 wights
  A howler monkey (D:5)
  5 crimson imps
  A centaur zombie (D:7)
  A hound (D:4)
  2 orc priests
  2 orc wizards (D:7)
  Crazy Yiuf (D:7)
  Terence (D:2)
  Jessica (D:2)
  A bullfrog skeleton (D:6)
  An iguana (D:7)
  A worker ant (D:8)
  A killer bee zombie (D:5)
  A hound skeleton (D:4)
  A hound zombie (D:7)
  A worker ant zombie (D:7)
  4 gnolls (D:3)
  9 adders
  A shadow imp (D:5)
  An ooze (D:4)
  3 adder skeletons
  3 worms
  26 orcs
  A ball python (D:4)
  2 bats
  4 giant cockroaches
  3 goblins
  5 hobgoblins
  6 jackals
  5 quokkas
  3 frilled lizards
  2 kobolds
  A leopard gecko skeleton (D:5)
  A rat (D:1)
  A fungus (D:7)
141 creatures vanquished.

Vanquished Creatures (others)
  A fungus (D:7)
1 creature vanquished.

Grand Total: 142 creatures vanquished

Notes
Turn   | Place    | Note
-------+----------+-------------------------------------------
     0 | D:1      | EnegeticOcto the Deep Dwarf Fighter began the quest for the
                  | Orb.
     0 | D:1      | Reached XP level 1. HP: 20/20 MP: 1/1
   144 | D:2      | Noticed Jessica
   144 | D:2      | Noticed Terence
   158 | D:2      | Killed Terence
   158 | D:2      | Reached XP level 2. HP: 16/28 MP: 2/2
   158 | D:2      | Reached XP level 3. HP: 20/34 MP: 3/3
   162 | D:2      | Killed Jessica
   162 | D:2      | Reached skill level 3 in Axes
   207 | D:2      | Reached XP level 4. HP: 41/42 MP: 4/4
   316 | D:3      | Reached XP level 5. HP: 43/50 MP: 4/4
   410 | D:4      | Found an opulent altar of Gozag.
   413 | D:4      | Reached skill level 4 in Axes
   440 | D:4      | Noticed a phantom
   490 | D:4      | Killed a phantom
   490 | D:4      | Reached XP level 6. HP: 42/57 MP: 5/5
   508 | D:5      | Entered Level 5 of the Dungeon
   513 | D:5      | Noticed Edmund
   532 | D:5      | Killed Edmund
   571 | D:4      | Noticed Grinder
   593 | D:4      | Paralysed by Grinder for 7 turns
   601 | D:4      | Killed Grinder
   601 | D:4      | Reached skill level 5 in Axes
   601 | D:4      | Reached XP level 7. HP: 44/66 MP: 6/6
   650 | D:4      | Noticed Blork the orc
   658 | D:4      | Killed Blork the orc
   658 | D:4      | Reached skill level 5 in Fighting
   809 | D:4      | Found a sacrificial altar of Ru.
   809 | D:4      | Found a sparkling altar of Nemelex Xobeh.
   953 | D:4      | Noticed Menkaure
   968 | D:4      | Killed Menkaure
   968 | D:4      | Reached skill level 5 in Armour
  1119 | D:4      | Reached skill level 6 in Axes
  1119 | D:4      | Reached skill level 5 in Shields
  1238 | D:5      | Found Wutuneq's Book Boutique.
  1359 | D:5      | Found a staircase to the Ecumenical Temple.
  1410 | Temple   | Entered the Ecumenical Temple
  1433 | Temple   | Became a worshipper of Makhleb the Destroyer
  1693 | D:5      | Found Echa's Assorted Antiques.
  1701 | D:5      | Bought a scroll labeled ERAPEOHYIL for 29 gold pieces
  1701 | D:5      | Bought a scroll labeled XAMIRU PUTEPN for 29 gold pieces
  1701 | D:5      | Bought a scroll labeled ROMAKE AQYRU for 29 gold pieces
  1820 | D:5      | Reached skill level 1 in Invocations
  1820 | D:5      | Reached XP level 8. HP: 69/75 MP: 5/5
  1834 | D:5      | Found Ledwos's Armour Shop.
  2075 | D:6      | Noticed Pikel
  2102 | D:6      | Killed Pikel
  2102 | D:6      | Reached skill level 7 in Axes
  2169 | D:6      | Noticed Sigmund
  2177 | D:6      | Killed Sigmund
  2332 | D:6      | Gained mutation: You passively map the area around you.
                  | [Deep Dwarf growth]
  2332 | D:6      | Reached XP level 9. HP: 66/85 MP: 9/9
  2516 | D:7      | Reached * piety under Makhleb
  2547 | D:7      | Reached skill level 5 in Invocations
  2571 | D:7      | Found a shattered altar of Ashenzari.
  2935 | D:7      | Reached skill level 8 in Axes
  3241 | D:7      | Found a runed translucent door.
  3242 | D:7      | Noticed Crazy Yiuf
  3247 | D:7      | Killed Crazy Yiuf
  3303 | D:8      | Reached ** piety under Makhleb
  3373 | D:8      | Noticed a queen bee
  3393 | D:8      | Killed a queen bee
  3396 | D:8      | HP: 2/86 [poisoned by a killer bee]
  3396 | D:8      | Slain by a killer bee

Levels and vault maps discovered:
D:1:      lemuel_arrival_broad_hall, layout_loops_ring, serial_bayou_pond_a,
          feat_on_display
D:2:      layout_basic, first_ration, tso_altar, uniq_jessica, uniq_terence
D:3:      layout_loops_ring
D:4:      layout_loops_cross, nicolae_gozag_seed_capital,
          gammafunk_temple_overflow_statue, uniq_blork_the_orc, uniq_grinder,
          uniq_menkaure
D:5:      layout_loops_corners, minmay_temple_entry_statues_fountains,
          serial_shops, nicolae_shop_waterfront, nicolae_shop_waterfront, shop,
          uniq_edmund
D:6:      layout_basic, patterned_corridor, uniq_sigmund, uniq_pikel
D:7:      layout_basic, lemuel_crystal_altar, minmay_misc_feat_nine_boxes,
          uniq_crazy_yiuf_cottage
D:8:      layout_gridville, led_sif_pool, serial_shops, shop, david_nohive_1,
          glass_columns_a
Temple:   eino_temple_scatter_basement

Skill      XL: |  1  2  3  4  5  6  7  8  9 |
---------------+----------------------------+-----
Fighting       | 3 4 5 6 7 |  7.5
Axes           | 3 4 5 6 7 8 |  8.6
Armour         | 4 5 6 |  6.7
Shields        | 4 5 6 |  6.6
Invocations    | 1 4 6 |  6.9

Action                   |  1- 3 |  4- 6 |  7- 9 || total
-------------------------+-------+-------+-------++-------
Melee: War axe           |    46 |   118 |   356 ||   520
 Abil: Heal Wounds       |     1 |     2 |    13 ||    16
  Use: Scroll            |       |       |    12 ||    12
       Potion            |       |       |     1 ||     1
  Eat: Chunk             |       |       |     9 ||     9
Armor: Scale mail        |    30 |    60 |    12 ||   102
       Plate armour      |       |       |   327 ||   327
Dodge: Dodged            |    33 |    39 |   110 ||   182
Block: Kite shield       |    30 |    59 |   294 ||   383

Table legend:
 A = Non-vault XP
 B = Vault XP
 C = Vault XP percentage of total XP
 D = Non-vault monster count
 E = Vault monster count
 F = Vault count percentage of total count
                 A         B        C        D         E       F
            +---------+---------+-------+---------+---------+-------
      Total |    2767 |    2406 |  46.5 |     119 |      17 |  12.5
            +---------+---------+-------+---------+---------+-------
        D:1 |       6 |       0 |   0.0 |       4 |       0 |   0.0
        D:2 |      28 |      75 |  72.8 |       7 |       2 |  22.2
        D:3 |      98 |       0 |   0.0 |      14 |       0 |   0.0
        D:4 |     385 |     535 |  58.2 |      18 |       3 |  14.3
        D:5 |     331 |     158 |  32.3 |      11 |       1 |   8.3
        D:6 |     336 |     856 |  71.8 |      21 |       2 |   8.7
        D:7 |    1055 |      39 |   3.6 |      32 |       1 |   3.0
        D:8 |     528 |     743 |  58.5 |      12 |       8 |  40.0
            +---------+---------+-------+---------+---------+-------
